 Dungeon Crawl Stone Soup version 0.25-a0-651-g8c222c7a2b (webtiles) character file.

Game seed: 9006236642803954014, levelgen mode: deterministic

7 Mehrunes the Sneak (level 1, -4/10 HPs)
             Began as a Vampire Enchanter on Mar 22, 2020.
             Slain by a goblin
             ... wielding a +0 club
              (5 damage)
             ... on level 1 of the Dungeon.
             The game lasted 00:02:22 (938 turns).

Mehrunes the Sneak (Vampire Enchanter)               Turns: 938, Time: 00:02:23

Health: -4/10      AC:  2    Str:  7    XL:     1   Next: 83%
Magic:  3/3        EV: 13    Int: 17    God:
Gold:   27         SH:  0    Dex: 14    Spells: 3/4 levels left

rFire    . . .     SeeInvis +   a - +1 dagger
rCold    + + .     Gourm    .   (no shield)
rNeg     + + +     Faith    .   b - +0 robe
rPois    ∞         Spirit   .   (no helmet)
rElec    .         Reflect  .   (no cloak)
rCorr    .         Harm     .   (no gloves)
MR       .....                  (no boots)
Stlth    +++++.....             h - amulet of magic regeneration
HPRegen  0.00/turn              (no ring)
MPRegen  0.33/turn              (no ring)

@: bloodless
A: no food, fangs 3, see invisible, unbreathing
a: Revivify


You were on level 1 of the Dungeon.
You were bloodless.

You visited 1 branch of the dungeon, and saw 1 of its levels.

You collected 27 gold pieces.

Inventory:

Hand Weapons
 a - a +1 dagger (weapon)
Armour
 b - a +0 robe (worn)
 d - a +0 leather armour
Jewellery
 h - an amulet of magic regeneration (around neck)
Scrolls
 c - a scroll of enchant armour {unknown}
 e - a scroll of teleportation {unknown}
 g - a scroll of identify {unknown}
Potions
 f - a potion of brilliance {unknown}
 i - a potion of degeneration {unknown}


   Skills:
 + Level 1.4 Short Blades
 + Level 2.3 Dodging
 + Level 4.6 Stealth
 - Level 2.0 Spellcasting
 + Level 4.6 Hexes


You had 3 spell levels left.
You knew the following spells:

 Your Spells              Type           Power        Failure   Level  Hunger
a - Corona                Hex            ###....      3%          1    N/A

Your spell library contained the following spells:

 Spells                   Type           Power        Failure   Level  Hunger
 Confusing Touch          Hex            ###.....     9%          3    N/A
 Tukima's Dance           Hex            ###.....     9%          3    N/A
 Ensorcelled Hibernation  Hex/Ice        #.....       12%         2    N/A
 Dazzling Flash           Conj/Hex       #.....       22%         3    N/A

Dungeon Overview and Level Annotations

Branches:
Dungeon (1/15)

Altars:


Innate Abilities, Weirdness & Mutations

You do not eat.
You do not regenerate when monsters are visible.
You are frail without blood (-20% HP).
You can heal yourself when you bite living creatures.
You are immune to poison.
You have razor-sharp teeth.
You have supernaturally acute eyesight. (SInv)
You can survive without breathing.


Message History

The hobgoblin hits you with a +0 club.
* * * LOW HITPOINT WARNING * * *
You hit the hobgoblin but do no damage.
The hobgoblin is moderately wounded.
The hobgoblin hits you with a +0 club.
* * * LOW HITPOINT WARNING * * *
You barely miss the hobgoblin.
The hobgoblin is moderately wounded.
The goblin closely misses you.
You hit the hobgoblin but do no damage.
The hobgoblin is moderately wounded.
The hobgoblin barely misses you. The goblin hits you but does no damage.
You hit the hobgoblin but do no damage. Your bite misses the hobgoblin.
The hobgoblin is moderately wounded.
The hobgoblin hits you but does no damage.
You hit the hobgoblin.
The hobgoblin is heavily wounded.
The goblin hits you with a +0 club.
Ouch! That really hurt!
You die...

#...>..###...........#
####.......##...........#
##.....####.##...........#
.........##.##.#........##
...#####.....)..........##
#### ###.####..........#
########...# #..........#
...#...#g### #.g........#
.........# #.@........#
.........######.g........#
.............###........##
.........###.g........[##
........## ########....#
...#....# #....# #.......#
#....# #.......######
#....#
#............###########


You could see a hobgoblin and a goblin.

Vanquished Creatures
  A dart slug (D:1)
  A bat (D:1)
  2 hobgoblins (D:1)
4 creatures vanquished.

Notes
Turn   | Place    | Note
-------+----------+-------------------------------------------
     0 | D:1      | Mehrunes the Vampire Enchanter began the quest for the Orb.
     0 | D:1      | Reached XP level 1. HP: 13/13 MP: 3/3
   938 | D:1      | Slain by a goblin

Levels and vault maps discovered:
D:1:      dpeg_arrival_chase, layout_rooms

Action                   || total
-------------------------++-------
Melee: Dagger            ||    34
       Bite              ||     1
 Cast: Corona            ||     2
 Abil: Exsanguinate      ||     1
Armor: Robe              ||     4
Dodge: Dodged            ||    20

Table legend:
 A = Non-vault XP
 B = Vault XP
 C = Vault XP percentage of total XP
 D = Non-vault monster count
 E = Vault monster count
 F = Vault count percentage of total count
                 A         B        C        D         E       F
            +---------+---------+-------+---------+---------+-------
      Total |      10 |       0 |   0.0 |       4 |       0 |   0.0
            +---------+---------+-------+---------+---------+-------
        D:1 |      10 |       0 |   0.0 |       4 |       0 |   0.0
            +---------+---------+-------+---------+---------+-------
